 Dungeon Crawl Stone Soup version 0.29.0-11-gd7f09526c8 (webtiles) character file.

Game seed: 7205561672236241921

53399 Lochraine the Reanimator (level 13, -4/111 HPs)
             Began as a Demigod Hunter on Sept 4, 2022.
             Slain by a dire elephant (24 damage)
             ... on level 5 of the Lair of Beasts.
             The game lasted 01:14:38 (22829 turns).

Lochraine the Reanimator (Demigod Hunter)          Turns: 22829, Time: 01:14:39

Health: -4/111     AC: 29    Str: 18    XL:     13   Next: 98%
Magic:  24/24      EV:  9    Int: 24    God:
Gold:   1356       SH: 11    Dex: 21    Spells: 11/22 levels left

rFire   . . .      SeeInvis .   a - +4 dagger "Morg" {pain, Will+ Int+5}
rCold   . . .      Faith    .   H - +0 kite shield
rNeg    . . .      Spirit   .   E - +8 plate armour "Wumosute" {Fly Str+2}
rPois   +          Reflect  .   r - +1 helmet
rElec   .          Harm     .   U - +2 cloak {rPois}
rCorr   .          Rampage  .   N - +0 pair of gloves
Will    +++..                   (no boots)
Stlth   ..........              d - amulet of Coixkengux {Fly Regen+}
HPRegen 1.08/turn               c - ring of willpower
MPRegen 0.19/turn               W - +4 ring of evasion

@: flying, invisible, unable to read
A: high MP 1, forlorn, divine attributes, talons 1, inability to read after
injury 2
a: no special abilities


You were on level 5 of the Lair of Beasts.
You visited 2 branches of the dungeon, and saw 16 of its levels.
You visited the Abyss 1 time.

You collected 1356 gold pieces.

Inventory:

Hand Weapons
 a - the +4 dagger "Morg" (weapon) {pain, Will+ Int+5}
   (You found it on level 3 of the Dungeon)

   In the hands of one skilled in necromantic magic, it inflicts extra damage on
   living creatures.
   Int:       It affects your intelligence (+5).
   Will:      It increases your willpower.
 b - the +6 falchion "Zyukk" {elec, *Corrode rC+ Int+2 Dex+3}
   (You found it on level 2 of the Lair of Beasts)

   It occasionally discharges a powerful burst of electricity upon striking a
   foe.
   Int:       It affects your intelligence (+2).
   Dex:       It affects your dexterity (+3).
   rC:        It protects you from cold.
   *Corrode:  It may corrode you when you take damage.
 p - the +9 dagger "Ylisip" {vorpal, rCorr Str+4}
   (You took it off an orc on level 7 of the Dungeon)

   It inflicts extra damage upon your enemies.
   Str:       It affects your strength (+4).
   rCorr:     It protects you from acid and corrosion.
 P - a +0 sling
   (You found it on level 4 of the Dungeon)
Missiles
 w - 2 throwing nets {!f}
Armour
 e - a +2 scale mail of cold resistance
   (You found it on level 5 of the Lair of Beasts)
 r - a +1 helmet (worn)
   (You found it on level 10 of the Dungeon)
 E - the +8 plate armour "Wumosute" (worn) {Fly Str+2}
   (You found it on level 7 of the Dungeon)

   Str:       It affects your strength (+2).
   Fly:       It grants you flight.
 H - a +0 kite shield (worn)
   (You took it off a meliai on level 2 of the Lair of Beasts)
 N - a +0 pair of gloves (worn)
   (You found it on level 2 of the Lair of Beasts)
 U - a +2 cloak of poison resistance (worn)
   (You found it on level 4 of the Lair of Beasts)
 V - a +2 robe of resistance
   (You took it off a wight on level 7 of the Dungeon)
 Z - a +2 ring mail of positive energy
   (You took it off Joseph on level 10 of the Dungeon)
Jewellery
 c - a ring of willpower (left hand)
   (You found it on level 6 of the Dungeon)
 d - the amulet of Coixkengux (around neck) {Fly Regen+}
   (You found it on level 5 of the Lair of Beasts)

   [amulet of regeneration]

   Fly:       It grants you flight.
   Regen:     It increases your rate of health regeneration.
 s - an amulet of guardian spirit
   (You found it on level 3 of the Dungeon)
 z - a ring of see invisible
   (You found it on level 9 of the Dungeon)
 B - a ring of willpower
   (You found it on level 7 of the Dungeon)
 K - a +4 ring of protection
   (You found it on level 4 of the Dungeon)
 M - an amulet of reflection
   (You found it on level 1 of the Dungeon)
 W - a +4 ring of evasion (right hand)
   (You found it on level 11 of the Dungeon)
Wands
 k - a wand of charming (9)
   (You found it on level 2 of the Dungeon)
 o - a wand of polymorph (3)
   (You found it on level 8 of the Dungeon)
 t - a wand of flame (17)
   (You found it on level 3 of the Dungeon)
 v - a wand of digging (7)
   (You found it on level 5 of the Lair of Beasts)
Scrolls
 f - 3 scrolls of amnesia
 h - 6 scrolls of fear
 x - 5 scrolls of blinking
 y - a scroll of summoning {unknown}
 A - 5 scrolls of teleportation {@r4}
 C - 2 scrolls of silence {unknown}
 D - a scroll of enchant armour {unknown}
 G - 3 scrolls of identify {@r1}
 I - a scroll of fog
 Q - 7 scrolls of immolation {!r}
 R - 2 scrolls of acquirement {unknown}
 S - 2 scrolls of magic mapping
 T - a scroll of noise {!r}
 X - a scroll of vulnerability {unknown}
 Y - a scroll of brand weapon {unknown}
Potions
 i - 2 potions of curing {@q1}
 j - 4 potions of lignification {!q}
 l - 3 potions of attraction {!q}
 m - 3 potions of brilliance
 n - 3 potions of magic
 q - 2 potions of ambrosia
 L - 2 potions of invisibility


   Skills:
 + Level 9.2 Fighting
 - Level 10.0 Short Blades
 - Level 8.2 Ranged Weapons
 - Level 8.9 Armour
 - Level 1.7 Dodging
 - Level 0.8 Stealth
 + Level 5.5 Shields
 + Level 5.2 Spellcasting
 + Level 5.7 Summonings
 + Level 12.1 Necromancy


You had 11 spell levels left.
You knew the following spells:

 Your Spells              Type           Power      Damage    Failure   Level
a - Haunt                 Necr/Summ      24%        N/A       100%        7
u - Animate Dead          Necr           59%        N/A       38%         4

Your spell library contained the following spells:

 Spells                   Type           Power      Damage    Failure   Level
 Sublimation of Blood     Necr           59%        N/A       6%          2
 Apportation              Tloc           12%        N/A       99%         1
 Shock                    Conj/Air       24%        1d4       99%         1
 Sting                    Tmut/Pois      24%        1d4       99%         1
 Poisonous Vapours        Pois/Air       12%        N/A       100%        2
 Wereblood                Tmut           6%         N/A       100%        2
 Gell's Gravitas          Tloc           6%         N/A       100%        3
 Ignite Poison            Fire/Tmut/Pois 6%         N/A       100%        3
 Lesser Beckoning         Tloc           6%         N/A       100%        3
 Teleport Other           Tloc           6%         N/A       100%        3
 Tukima's Dance           Hex            6%         N/A       100%        3
 Leda's Liquefaction      Hex/Erth       3%         N/A       100%        4
 Olgreb's Toxic Radiance  Pois           6%         N/A       100%        4
 Alistair's Intoxication  Tmut/Pois      4%         N/A       100%        5
 Silence                  Hex/Air        3%         N/A       100%        5
 Summon Forest            Summ/Tloc      10%        N/A       100%        5
 Summon Mana Viper        Hex/Summ       20%        N/A       100%        5
 Summon Cactus Giant      Summ           16%        N/A       100%        6
 Summon Hydra             Summ           16%        N/A       100%        7
 Infestation              Necr           29%        N/A       100%        8


Dungeon Overview and Level Annotations

Branches:
Dungeon (11/15) Zot: 25767  Temple (0/1) D:5            Lair (5/5) D:11 Zot: 20347
 Shoals (0/4) Lair:3       Spider (0/4) Lair:2        Slime (0/5) Lair:5
    Orc (0/2) D:11

Annotations:
Lair:1 exclusion: ice statue
Lair:2 2 transporters, Xoykhlum's ghost, journeyman KoCK
Lair:5 1 runed translucent door, ToffieWolf's ghost, journeyman MiBe


Innate Abilities, Weirdness & Mutations

You have an increased reservoir of magic. (+10% MP)
You shall have no god before yourself.
Your divine heritage dramatically boosts your attributes as you level up.
You have sharp toenails.
You sometimes lose the ability to read scrolls when taking damage.


Message History

* * * LOW HITPOINT WARNING * * *
You are shoved backwards!
You bump into the stone wall.
You feel less invigorated.
You feel less confused. The dire elephant tramples you!!
* * * LOW HITPOINT WARNING * * *
You are shoved backwards!
Unknown command.
Unknown command.
Unknown command.
Here: a dire elephant (lightly wounded)
The floor, spattered with blood.
Unknown command.
There is an open gate here.
The dire elephant attacks as you move away!
The dire elephant tramples you but does no damage.
The dire elephant trunk-slaps you but does no damage.
Okay, then.
The necromancer mumbles some strange words.
The necromancer binds the souls of nearby monsters.
The necromancer casts a spell.
The necromancer binds the souls of nearby monsters.
The necromancer casts a spell.
The necromancer binds the souls of nearby monsters.
The dire elephant's soul is no longer bound.
The dire elephant attacks as you move away!
The dire elephant tramples you but does no damage.
You block the dire elephant's attack.
The dire elephant attacks as you move away!
The dire elephant tramples you!!
* * * LOW HITPOINT WARNING * * *
You block the dire elephant's attack.
You cannot read scrolls in your current state!
The dire elephant attacks as you move away!
The dire elephant tramples you but does no damage.
You block the dire elephant's attack.
Something unseen opens the door.
Okay, then.
Unknown command.
The dire elephant attacks as you move away!
The dire elephant tramples you.
* * * LOW HITPOINT WARNING * * *
The dire elephant trunk-slaps you.
* * * LOW HITPOINT WARNING * * *
You cannot read scrolls in your current state!
Unknown command.
Unknown command.
You fade into invisibility!
The dire elephant tramples you!!
You die...

##...#########...........P
#....#.....#.............
#..##.....##.....#P......
#..#P.....#.....P##.....#
##.####....##....##..####
#..#####...#....#...#####
#...#..##+..#...##.'p.#..
#........................
##.<....@YY..Y...........
#........................
#........................
##........................
#.........................
##........................
##........................
#P........P♣♣###♣.......♣#
###.......########♣P...###


You could see 3 dire elephants.

Vanquished Creatures
  Rupert (Lair:5)
  5 dire elephants (Lair:5)
  6 hydras
  A catoblepas (Lair:3)
  2 two-headed ogres (D:11)
  4 death yaks (Lair:5)
  A spectral death yak (Lair:5)
  An obsidian statue (Lair:5)
  2 necromancers (Lair:5)
  2 wolf spiders
  2 cyclopes
  11 elephants
  4 black mambas
  Joseph (D:10)
  13 cane toads
  A gargoyle (D:11)
  8 komodo dragons
  Maggie (D:7)
  2 dire elephant skeletons (Lair:5)
  2 rime drakes
  A freezing wraith (Lair:1)
  3 ice devils (Lair:1)
  A troll (D:10)
  3 polar bears
  A meliai (Lair:2)
  5 hornets
  3 spectral elephants (Lair:5)
  19 blink frogs
  A shadow (D:10)
  2 vampires
  A wraith (D:9)
  A dire elephant simulacrum (Lair:5)
  5 wyverns
  A fire elemental (D:10)
  3 basilisks
  38 yaks
  A steam dragon (D:9)
  2 death yak simulacra (Lair:5)
  A harpy simulacrum (Lair:1)
  4 wargs
  3 spectral cane toads (Lair:5)
  10 water moccasins
  An orc warrior (D:10)
  A swamp drake (D:10)
  An elephant zombie (Lair:5)
  An ice beast (D:7)
  3 black bears
  2 ogres
  21 wolves
  3 elephant skeletons (Lair:5)
  3 centaurs
  Blork the orc (D:5)
  A kobold brigand (D:11)
  An earth elemental (D:10)
  16 bullfrogs
  3 necrophages
  A two-headed ogre simulacrum (Lair:1)
  A gnoll sergeant (D:9)
  A cane toad simulacrum (Lair:5)
  4 scorpions
  14 wights
  5 elephant simulacra
  13 killer bees
  7 howler monkeys
  An electric eel (D:6)
  6 jellies
  A gnoll bouda (D:4)
  6 hounds
  9 orc priests
  2 iguanas (D:6)
  18 orc wizards
  Ijyb (D:4)
  Natasha (thrice) (D:3)
  A spectral hound (D:3)
  A hound skeleton (D:3)
  14 gnolls
  17 adders
  A shadow imp (D:8)
  A white imp (Lair:1)
  An ufetubus (D:3)
  An adder skeleton (D:3)
  A dart slug (D:4)
  18 orcs
  2 ball pythons (D:2)
  8 endoplasms
  3 giant cockroaches
  16 goblins
  4 hobgoblins
  8 jackals
  A quokka (D:4)
  A ball python skeleton (D:3)
  7 bats
  A jackal skeleton (D:3)
  14 kobolds
  A quokka skeleton (D:3)
  7 rats
459 creatures vanquished.

Vanquished Creatures (others)
  An air elemental (D:10)
  A water elemental (D:10)
  2 yaks (D:10)
  24 fungi
  86 plants
  38 withered plants
152 creatures vanquished.

Grand Total: 611 creatures vanquished

Notes
Turn   | Place    | Note
-------+----------+-------------------------------------------
     0 | D:1      | Lochraine the Demigod Hunter began the quest for the Orb.
     0 | D:1      | Reached XP level 1. HP: 17/17 MP: 3/3
   210 | D:1      | Reached XP level 2. HP: 24/24 MP: 4/4
   769 | D:2      | Reached XP level 3. HP: 29/29 MP: 5/5
   777 | D:2      | Reached skill level 5 in Ranged Weapons
  1384 | D:3      | Reached XP level 4. HP: 36/36 MP: 6/6
  1831 | D:3      | Noticed Natasha
  1838 | D:3      | Killed Natasha
  1883 | D:3      | Reached XP level 5. HP: 34/41 MP: 7/7
  2063 | D:3      | Found the +4 dagger "Morg" {pain, Will+ Int+5}
  2202 | D:3      | You fall into a shaft and drop 1 floor!
  2233 | D:3      | Noticed Natasha
  2236 | D:3      | Killed Natasha
  2346 | D:3      | Noticed Natasha
  2353 | D:3      | Killed Natasha
  2354 | D:3      | Reached skill level 1 in Necromancy
  2905 | D:4      | Reached skill level 2 in Necromancy
  2905 | D:4      | Reached XP level 6. HP: 45/48 MP: 6/8
  2910 | D:4      | Learned a level 4 spell: Animate Dead
  3218 | D:4      | Got Vehumet's Catalogue of Bolts
  3235 | D:4      | Reached skill level 3 in Necromancy
  3640 | D:4      | Noticed Ijyb
  3661 | D:4      | Killed Ijyb
  3877 | D:5      | Entered Level 5 of the Dungeon
  3919 | D:5      | Reached XP level 7. HP: 49/53 MP: 7/9
  3938 | D:5      | Gained mutation: You have hidden genetic defects. [potion
                  | of mutation]
  3938 | D:5      | Gained mutation: You have sharp toenails. [potion of
                  | mutation]
  4294 | D:5      | Reached skill level 4 in Necromancy
  4505 | D:5      | Gained mutation: You occasionally lose the ability to read
                  | scrolls when taking damage. [hidden defects]
  4703 | D:5      | Gained mutation: You sometimes lose the ability to read
                  | scrolls when taking damage. [hidden defects]
  4703 | D:5      | Lost mutation: You have hidden genetic defects. [hidden
                  | defects expressed]
  4820 | D:5      | Reached skill level 5 in Necromancy
  4821 | D:5      | Noticed Blork the orc
  4837 | D:5      | Killed Blork the orc
  4838 | D:5      | Reached XP level 8. HP: 56/60 MP: 8/10
  5052 | D:5      | Found a staircase to the Ecumenical Temple.
  5301 | D:6      | Reached skill level 1 in Short Blades
  5475 | D:6      | Reached skill level 6 in Necromancy
  6355 | D:7      | Identified the +8 plate armour "Wumosute" {Fly Str+2}
  6376 | D:7      | Noticed Maggie
  6389 | D:7      | Killed Maggie
  6390 | D:7      | Reached skill level 1 in Armour
  6669 | D:7      | Identified the +9 dagger "Ylisip" {vorpal, rCorr Str+4}
  6921 | D:7      | Reached XP level 9. HP: 67/67 MP: 11/11
  6928 | D:7      | Reached skill level 7 in Necromancy
  7836 | D:8      | Reached skill level 5 in Short Blades
  8262 | D:8      | Reached skill level 8 in Necromancy
  8648 | D:9      | Reached XP level 10. HP: 57/73 MP: 11/13
  9055 | D:9      | Reached skill level 5 in Armour
  9925 | D:10     | Entered Level 10 of the Dungeon
  9956 | D:10     | Noticed a cyclops
  9999 | D:10     | Killed a cyclops
 10000 | D:10     | Reached skill level 9 in Necromancy
 10285 | D:10     | Noticed Joseph
 10301 | D:10     | Killed Joseph
 10381 | D:10     | Found a large runed translucent door.
 10381 | D:10     | Found a large runed translucent door.
 10943 | D:10     | Identified the +1 chain mail "Hetap" {*Slow rCorr Int+4}
 11669 | D:11     | Noticed a two-headed ogre
 11671 | D:11     | Found a staircase to the Lair.
 11684 | D:11     | Killed a two-headed ogre
 11685 | D:11     | Reached XP level 11. HP: 46/85 MP: 7/14
 11704 | D:11     | Reached skill level 5 in Fighting
 12123 | D:11     | Noticed a two-headed ogre
 12133 | D:11     | Killed a two-headed ogre
 12256 | D:11     | Found a staircase to the Orcish Mines.
 12771 | Lair:1   | Entered Level 1 of the Lair of Beasts
 12850 | Lair:1   | Reached skill level 10 in Necromancy
 14784 | Lair:1   | Reached XP level 12. HP: 97/97 MP: 15/15
 14947 | Lair:2   | Found a transporter.
 14952 | Lair:2   | Found a transporter.
 14957 | Lair:2   | Identified the +6 falchion "Zyukk" {elec, *Corrode rC+
                  | Int+2 Dex+3}
 14997 | Lair:2   | Learned a level 7 spell: Haunt
 15026 | Lair:2   | Noticed Xoykhlum's ghost (journeyman KoCK)
 15033 | Lair:2   | Noticed a six-headed hydra
 15050 | Lair:2   | Killed a six-headed hydra
 15224 | Lair:2   | Noticed an eight-headed hydra
 15235 | Lair:2   | Killed an eight-headed hydra
 15236 | Lair:2   | Reached skill level 1 in Spellcasting
 15236 | Lair:2   | Reached skill level 1 in Summonings
 15342 | Lair:2   | Found a hole to the Spider Nest.
 15510 | Lair:2   | Reached skill level 1 in Shields
 16232 | Lair:3   | Reached skill level 11 in Necromancy
 16987 | Lair:3   | Found a staircase to the Shoals.
 17046 | Lair:3   | You are sucked into a shaft and drop 2 floors!
 17046 | Lair:5   | Entered Level 5 of the Lair of Beasts
 17133 | Lair:3   | Noticed a catoblepas
 17238 | Lair:3   | Killed a catoblepas
 18107 | Lair:4   | Noticed Sonja
 18280 | Abyss:1  | Cast into level 1 of the Abyss (Sonja)
 18286 | Lair:4   | Escaped the Abyss
 18289 | Lair:4   | Noticed Sonja
 18289 | Lair:4   | Sonja changed into Sonja the warg
 18291 | Lair:4   | Killed Sonja the warg
 18512 | Lair:4   | Noticed a five-headed hydra
 18525 | Lair:4   | Killed a five-headed hydra
 18526 | Lair:4   | Reached XP level 13. HP: 89/107 MP: 21/21
 19431 | Lair:5   | Found a staircase to the Slime Pits.
 19487 | Lair:5   | Reached skill level 10 in Short Blades
 19761 | Lair:5   | Noticed a dire elephant
 19761 | Lair:5   | Noticed a dire elephant
 19761 | Lair:5   | Noticed a dire elephant
 20155 | Lair:5   | Noticed Rupert
 20180 | Lair:5   | Killed Rupert
 20226 | Lair:5   | Found a runed translucent door.
 20226 | Lair:5   | Noticed ToffieWolf's ghost (journeyman MiBe)
 20244 | Lair:5   | Noticed a dire elephant
 20310 | Lair:5   | Killed a dire elephant
 20664 | Lair:5   | Noticed a dire elephant
 20687 | Lair:5   | Killed a dire elephant
 20831 | Lair:5   | Reached skill level 5 in Summonings
 21372 | Lair:5   | Noticed a dire elephant
 21381 | Lair:5   | Noticed a dire elephant
 21397 | Lair:5   | Killed a dire elephant
 21398 | Lair:5   | Reached skill level 5 in Shields
 21912 | Lair:5   | Reached skill level 12 in Necromancy
 22215 | Lair:5   | Noticed a dire elephant
 22236 | Lair:5   | Killed a dire elephant
 22237 | Lair:5   | Reached skill level 5 in Spellcasting
 22540 | Lair:5   | Identified the amulet of Coixkengux {Fly Regen+}
 22686 | Lair:5   | Got Sif Muna's Codex of Virous Glamour
 22771 | Lair:5   | Killed a dire elephant
 22829 | Lair:5   | Slain by a dire elephant

Illustrated notes

Levels and vault maps discovered:
D:1:      scummos_arrival_checkerplants, layout_rooms
D:2:      layout_rooms, dreamdust_ecumenical_altar_angels_and_demons,
          kennysheep_big_empty_room, minmay_hexomino_p4
D:3:      layout_basic, dilly_guarded_unrand_morg
D:4:      layout_basic, palyth_temple_overflow_mages, minivault_27,
          uniq_natasha, uniq_ijyb
D:5:      layout_cave_pools, mainiacjoe_overflow_six_doors_small,
          temple_doors_ab, st_stairs_5, minmay_stone_trees_small,
          uniq_blork_the_orc
D:6:      layout_rooms, mainiacjoe_overflow_boulevard, amcnicky_altar_gilded,
          okawaru_trees_2, nicolae_elyvilon_temple_path,
          nicolae_overflow_crystal_walls
D:7:      layout_loops_corners, uniq_maggie
D:8:      layout_loops_ring, kennysheep_generic_room_14
D:9:      layout_long_grid, grunt_temple_overflow_open, enter_bailey_3
D:10:     layout_small_grid, nicolae_wu_jian_immortal_techniques,
          mainiacjoe_overflow_brackets, serial_rivers,
          chequers_serial_rivers_large_b, chequers_serial_rivers_micro_d,
          chequers_serial_rivers_small_a, chequers_serial_rivers_small_a,
          chequers_serial_rivers_small_b, lightli_elemental_guards, uniq_joseph
D:11:     layout_basic, erik_lair_orcish_takeover, orc_0_dummy,
          nicolae_uskayaw_suspiria
Lair:1:   dreamdust_isle_of_ice, layout_long_grid, grunt_megastairs_4,
          serial_bayou_shore_b
Lair:2:   layout_hall_layers, hellmonk_spider_entry_not_the_bees,
          gammafunk_ghost_hive
Lair:3:   minmay_lair_venomous_thicket, layout_regular_city,
          elwin_shoals_entry_rocks, st_stairs_4
Lair:4:   layout_roguey, serial_bayou_ford_a, uniq_sonja
Lair:5:   due_jungle_book, layout_regular_city, minmay_slime_entry_pillars,
          ebering_ghost_xom, uniq_rupert

Skill      XL: |  1  2  3  4  5  6  7  8  9 10 11 12 13 |
---------------+----------------------------------------+-----
Ranged Weapons | 4 5 6 7 8 |  8.2
Necromancy     | 2 3 5 6 8 9 10 11 12 | 12.1
Short Blades   | 4 6 7 9 10 | 10.0
Armour         | 2 4 6 8 |  8.9
Fighting       | 2 4 6 7 9 |  9.2
Spellcasting   | 3 5 |  5.2
Summonings     | 3 5 |  5.7
Shields        | 3 5 |  5.5
Dodging        | |  1.7
Stealth        | |  0.8

Action                   |  1- 3 |  4- 6 |  7- 9 | 10-12 | 13-15 || total
-------------------------+-------+-------+-------+-------+-------++-------
Melee: Dagger            |       |    25 |   236 |  1052 |   507 ||  1820
       Punch             |       |     1 |       |       |       ||     1
       Kick              |       |       |   101 |   475 |   370 ||   946
       Shortbow          |       |       |     1 |       |       ||     1
       Falchion          |       |       |       |       |   162 ||   162
 Fire: Shortbow          |   113 |   177 |    81 |       |       ||   371
       Sling             |       |       |    38 |       |       ||    38
Evoke: Wand              |       |       |     2 |    15 |     5 ||    22
  Use: Potion            |       |     3 |     1 |     6 |     9 ||    19
       Scroll            |       |     1 |    10 |    10 |     1 ||    22
 Stab: Invisible         |       |     2 |       |       |       ||     2
Armor: Leather armour    |    11 |       |       |       |       ||    11
       Ring mail         |     3 |    52 |    46 |     2 |       ||   103
       Plate armour      |       |       |   101 |   529 |   284 ||   914
Dodge: Dodged            |    20 |    70 |   104 |   313 |   147 ||   654
Block: Other             |     9 |       |       |       |       ||     9
       Kite shield       |       |       |       |   205 |   372 ||   577
